AoeStats
← Comend x comend

MegaRandom

510379914Analyzed
3v3 RM · 17h ago on Sep 30, 2026· 30m 33s· 6 players
Game mode
Random Map
Map size
Normal (6 player)
Population
200
Speed
Normal
Resources
Standard
Victory
Conquest
Starting age
Dark Age
Ending age
Imperial Age
RankedLock teamsTeams togetherTeam positionsShared explorationLock speedFull tech treeHidden civsTurbo modeCheats
Victory
Defeat
🇬🇧 Varangians · United Kingdom
1434
+15
🇬🇧 Georgians · United Kingdom
1395
+17
🇬🇧 Vietnamese · United Kingdom
1343
+20
🇵🇪 Poles · Peru
1428
-18
🇺🇸 Wu · United States
1420
-17
🇧🇷 Portuguese · Brazil
1403
-17
The Great Lion Paw
9:16 Loom
11:01 Feudal Age
12:24 Double-Bit Axe
15:13 Castle Age
15:45 Scale Barding Armor
15:51 Forging
15:47 Gold Mining
17:09 Chain Barding Armor
18:54 Horse Collar
20:18 Bloodlines
23:12 Forging
24:46 Wheelbarrow
25:27 Bow Saw
27:11 Iron Casting
27:50 Hand Cart
30:39 Husbandry
The Great Leopard Paw
0:36 Loom
11:20 Feudal Age
15:27 Castle Age
13:55 Double-Bit Axe
15:01 Fletching
23:07 Bodkin Arrow
24:58 Padded Archer Armor
25:18 Town Watch
26:33 Leather Archer Armor
The Great Tiger Paw
10:13 Feudal Age
10:00 Loom
13:40 Castle Age
11:50 Double-Bit Axe
12:33 Scale Mail Armor
13:21 Loom
15:04 Squires
15:43 Bow Saw
27:51 Forging
The Daunting Knight
10:06 Feudal Age
15:46 Castle Age
14:33 Bloodlines
14:31 Double-Bit Axe
16:40 Loom
Comend x comend
11:13 Feudal Age
15:31 Castle Age
14:54 Horse Collar
15:01 Double-Bit Axe
16:47 Wheelbarrow
16:33 Bow Saw
17:55 Heavy Plow
21:29 Bloodlines
23:12 Loom
26:04 Husbandry
28:27 Szlachta Privileges
29:48 Forging
[TrEta] D.Quixote
6:38 Loom
9:30 Feudal Age
13:46 Fletching
15:40 Town Watch
21:30 Castle Age
20:11 Double-Bit Axe
20:28 Horse Collar
21:33 Crossbowman
24:18 Bodkin Arrow
26:42 Padded Archer Armor
29:00 Ballistics
Connection lost

Rejoining the realm…

Still unreachable

The connection could not be restored.

Session expired

The server has moved on; the page needs a fresh start.